Map: Year Zero LE

Players

Smileblind

  • Race: Protoss Protoss
  • League: Silver
  • Spawn Location: 11:00

VOD

Have the link to the VOD?

Description

Time

  • Played on: Jan. 31, 2019, 6:32 p.m.
  • Length: 14:10
Show
View Real Time Build Order
Export as new Build Order

Smileblind Protoss 

Build Orders:  

Get SALT Encoding   

  12  0:05  Probe (Chrono Boost)  
  13  0:22  Probe (Chrono Boost)  
  13  0:29  Pylon  
  14  0:39  Probe (Chrono Boost)  
  15  0:56  Probe (Chrono Boost)  
  16  1:01  Gateway  
  16  1:07  Probe (Chrono Boost)  
  16  1:16  Assimilator  
  16  1:18  Probe (Chrono Boost)  
  17  1:25  Assimilator  
  18  1:34  Probe (Chrono Boost)  
  19  1:40  Pylon  
  20  1:51  Probe (Chrono Boost)  
  20  2:06  Forge  
  20  2:08  Probe (Chrono Boost)  
  21  2:25  Probe (Chrono Boost)  
  21  2:29  Cybernetics Core  
  22  2:32  Zealot  
  25  2:42  Probe (Chrono Boost)  
  25  2:59  Probe (Chrono Boost)  
  26  3:00  Photon Cannon  
  26  3:11  Photon Cannon  
  26  3:15  Probe (Chrono Boost)  
  27  3:26  Stalker  
  29  3:54  Pylon  
  29  4:08  Stalker  
  31  4:26  Nexus  
  31  4:27  Warp Gate  
  31  4:28  Probe (Chrono Boost)  
  32  4:45  Probe (Chrono Boost)  
  33  4:57  Gateway  
  34  5:02  Probe (Chrono Boost)  
  34  5:05  Gateway  
  34  5:11  Protoss Ground Weapons Level 1  
  34  5:18  Stalker, Probe (Chrono Boost)  
  37  5:56  Pylon  
  37  5:58  Probe (Chrono Boost)  
  38  6:06  Stalker  
  40  6:15  Probe (Chrono Boost)  
  41  6:24  Assimilator, Probe (Chrono Boost)  
  42  6:32  Assimilator, Probe (Chrono Boost)  
  42  6:36  Probe (Chrono Boost)  
  44  6:48  Probe (Chrono Boost)  
  44  6:49  Probe (Chrono Boost)  
  45  6:53  Pylon  
  45  6:54  Sentry  
  45  6:55  Sentry  
  50  7:00  Probe (Chrono Boost)  
  50  7:05  Pylon  
  50  7:06  Probe (Chrono Boost)  
  52  7:17  Probe (Chrono Boost)  
  53  7:23  Probe (Chrono Boost)  
  53  7:27  Robotics Facility  
  54  7:34  Probe (Chrono Boost)  
  54  7:36  Shield Battery  
  54  7:37  Shield Battery  
  56  7:40  Probe (Chrono Boost)  
  57  7:50  Photon Cannon  
  57  7:51  Probe (Chrono Boost)  
  57  8:04  Probe (Chrono Boost)  
  57  8:07  Photon Cannon  
  57  8:08  Probe (Chrono Boost)  
  59  8:15  Probe (Chrono Boost)  
  60  8:23  Twilight Council  
  60  8:25  Probe (Chrono Boost)  
  60  8:26  Pylon  
  60  8:28  Probe (Chrono Boost)  
  61  8:39  Robotics Facility  
  62  8:42  Probe (Chrono Boost)  
  62  8:43  Stalker  
  62  8:44  Stalker  
  62  8:46  Stalker  
  69  9:12  Immortal  
  73  9:23  Pylon  
  73  9:28  Pylon  
  73  9:41  Nexus  
  73  9:42  Probe (Chrono Boost)  
  73  9:43  Probe (Chrono Boost)  
  75  9:55  Stalker  
  75  9:59  Probe (Chrono Boost)  
  79  10:00  Stalker, Probe (Chrono Boost)  
  79  10:05  Stalker  
  83  10:16  Probe (Chrono Boost)  
  83  10:17  Probe (Chrono Boost)  
  85  10:25  Gateway  
  85  10:28  Charge  
  85  10:29  Gateway  
  85  10:31  Shield Battery  
  85  10:33  Probe x2 (Chrono Boost)  
  85  10:37  Shield Battery  
  87  10:45  Immortal  
  91  10:58  Immortal  
  95  11:22  Assimilator  
  95  11:26  Assimilator  
  95  11:27  Probe (Chrono Boost)  
  98  11:31  Probe x2 (Chrono Boost)  
  98  11:39  Probe (Chrono Boost)  
  98  11:48  Probe x2 (Chrono Boost)  
  101  11:52  Probe (Chrono Boost)  
  101  11:55  Gateway  
  101  11:58  Gateway  
  102  12:02  Shield Battery  
  102  12:03  Observer  
  102  12:05  Probe x2 (Chrono Boost)  
  102  12:08  Immortal, Probe (Chrono Boost)  
  110  12:14  Pylon  
  104  12:22  Probe (Chrono Boost)  
  104  12:25  Probe (Chrono Boost)  
  78  12:37  Sentry  
  78  12:38  Sentry x3  
  81  12:40  Zealot  
  81  12:42  Probe (Chrono Boost)  
  73  12:55  Immortal  
  77  13:03  Immortal  
  77  13:09  Zealot  
  81  13:10  Zealot  
  81  13:18  Zealot x2  
  81  13:19  Zealot  
  84  13:20  Zealot  
  72  13:39  Zealot  
  68  13:47  Zealot  
  68  13:48  Zealot x2  
  68  13:49  Zealot  
Tags
 
League
Silver
Matchup
Co-op
Add a new tag
Caveats
  • Supply blocks, unpowered buildings, or Contaminate may cause inaccurate times.
  • Supply counts are checked every 10 seconds.